[Event "*** Titled Tuesday Blitz"]
[Site "Chess.com"]
[Date "2020.04.21"]
[Round "4"]
[White "Shuvatkin_Vladimir"]
[Black "Tashik"]
[Result "0-1"]
[WhiteElo "2314"]
[BlackElo "2549"]
[TimeControl "180+1"]
[EndTime "10:42:20 PDT"]
[Termination "Tashik won by resignation"]

1. d4 Nf6 2. Nf3 d5 3. g3 c5 4.
Bg2 cxd4 5. O-O e6 6. Nxd4 e5 7. Nf3 Nc6 8. b3 Bd6 9. Bb2 O-O 10. Nbd2 Re8 11. c4 d4 12. Ng5 Bf5 13. Nge4 Nxe4 14. Nxe4 Bf8 15. a3 a5 16. Qd2 Qd7 17. e3 Rad8 18.
exd4 Nxd4 19. Bxd4 Qxd4 20. Qe2 Qd3 21. Qxd3 Rxd3 22.
b4 axb4 23. axb4 Rd4 24. Nc5 b6 25. Na4 Rxc4 26. Nxb6 Rxb4 27. Nd5 Rb2 28. Ne3 Bd3 29. Rfd1 e4 30. Ra7 g6 31. h4 Bc5 32. Rd7 Reb8 33. Ng4 Be2 34. Rd8+ Kg7 35. Rxb8 Rxb8 36. Rd5 Rb1+ 37.
Kh2 Bb6 38. Ne3 Bxe3 39. fxe3 Rb2 40. Kh3 Bf3 41. Bxf3 exf3 42. Rd4 Re2 43. g4 Rxe3 44. Kg3 Ra3 45. g5 h6 46. Rd7 hxg5 47. hxg5 Ra5 48. Kxf3 Rxg5 49. Kf4 Rf5+ 50. Kg4 Rf1 51. Ra7 Rg1+ 52.
Kh4 g5+ 53. Kh3 Kg6 54. Ra6+ f6 55. Ra8 Rc1 56. Ra6 Rc3+ 57. Kg4 Rc4+ 58. Kg3 Rc5 59.
Ra7 Kf5 60. Kg2 Rc3 61. Ra5+ Kg4 62. Ra4+ Kh5 63. Ra6 f5 64. Ra8 Kg4 65. Ra4+ f4 66. Ra2 Rd3 67. Rb2 Rc3 68. Kf2 Kh4 69. Rd2 g4 70. Rd8 g3+ 71. Kg2 Rc2+ 72. Kg1 Kg4 73. Rd3 Kh3 74. Rd1 f3 75. Rf1 Rg2+ 76. Kh1 Rh2+ 77.
Kg1 Kg4 78. Re1 Re2 79. Rf1 Ra2 80. Kh1 g2+ 81. Kg1 gxf1=Q+ 0-1

[Event "*** Titled Tuesday Blitz"]
[Site "Chess.com"]
[Date "2020.04.21"]
[Round "4"]
[White "HansCoolNiemann"]
[Black "Saxar85"]
[Result "1/2-1/2"]
[WhiteElo "2939"]
[BlackElo "2592"]
[TimeControl "180+1"]
[EndTime "10:42:32 PDT"]
[Termination "Game drawn by repetition"]

1. Nf3 g6 2. c4 Bg7 3. Nc3 d6 4. d4 Bg4 5. g3 Bxf3 6. exf3 e6 7.
Bg2 Ne7 8. f4 d5 9. O-O O-O 10.
Be3 c6 11. Qe2 dxc4 12. Qxc4 Nd7 13. g4 Nb6 14. Qe2 Nbd5 15. h4 Nxc3 16. bxc3 Nd5 17.
Qb2 Qxh4 18. Bf3 Qh3 19. Bxd5 cxd5 20. f3 h5 21. gxh5 Qxh5 22. Kg2 Rac8 23. Rac1 Rc7 24. Rh1 Qf5 25. Kg3 Rfc8 26. Qd2 b5 27. a3 a6 28. Rh4 Bf6 29. Rh2 Bg7 30. Rhh1 f6 31. Kf2 Rf7 32. Qe2 e5 33. Qd2 e4 34. Qc2 Re7 35. Rhg1 Rce8 36. Rg3 exf3 37. Qxf5 gxf5 38.
Rxf3 Kf7 39. Rg1 Rh8 40. Rfg3 Rh2+ 41. R1g2 Rxg2+ 42. Kxg2 Bf8 43. Kf2 Rc7 44. Bc1 Rc4 45. Ke2 Ra4 46. Rh3 Bxa3 47. Bd2 Bd6 48. Rh7+ Ke6 49.
Rb7 Ra1 50. Kd3 Rf1 51. Rb6 Kd7 52. Rxa6 Bxf4 53. Bxf4 Rxf4 54. Rxf6 Rf3+ 55. Kd2 f4 56. Rb6 Rf2+ 57. Kd3 Rf3+ 58. Kd2 Rf2+ 59. Kd1 f3 60. Rxb5 Kd6 61. Rb6+ Ke7 62. Rh6 Rf1+ 63. Kd2 f2 64.
Ke2 Rc1 65. Kxf2 Rxc3 66. Ke2 Kd7 67. Rg6 Rb3 68. Rf6 Ra3 69. Rf3 Rxf3 70. Kxf3 Ke6 71. Kg4 Ke7 72. Kg5 Ke6 73. Kg6 Ke7 74. Kf5 Kd7 75.
Ke5 Ke7 76. Kxd5 Kd7 77. Ke5 Ke7 78. Ke4 Ke6 79. Ke3 Kd5 80. Kd3 Kd6 81. Kc4 Kc6 82.
d5+ Kd6 83. Kd4 Kd7 84. Ke5 Ke7 85. Ke4 Kd6 86. Kd4 Kd7 87. Kc5 Kc7 88. d6+ Kd7 89. Kd5 Kd8 90. Ke5 Kd7 91. Kd5 Kd8 92. Ke4 Kd7 93. Ke5 Kd8 94. Ke6 Ke8 95. Kf5 Kd7 96.
Ke5 Kd8 97. Kd4 Kd7 98. Kc5 Kd8 99. Kb5 Kd7 100. Kc5 Kd8 101. Kd4 Kd7 102. Kd5 1/2-1/2

[Event "*** Titled Tuesday Blitz"]
[Site "Chess.com"]
[Date "2020.04.21"]
[Round "4"]
[White "Tpros"]
[Black "jfriedel"]
[Result "0-1"]
[WhiteElo "2392"]
[BlackElo "2580"]
[TimeControl "180+1"]
[EndTime "10:42:32 PDT"]
[Termination "jfriedel won on time"]

1. c4 Nf6 2. d4 c5 3. Nf3 cxd4 4. Nxd4 Nc6 5. Nc3 g6 6. g3 d6 7.
Bg2 Bd7 8. Nb3 Bg7 9. O-O O-O 10. c5 Be6 11. cxd6 Qxd6 12. Qxd6 exd6 13. Rd1 Rfd8 14. Bg5 h6 15. Bf4 d5 16. Nc5 g5 17. Bd2 d4 18.
Nxe6 fxe6 19. Ne4 Nxe4 20. Bxe4 Rac8 21. Rac1 Kf7 22. b3 Bf8 23. Rc4 Ne5 24. Rxc8 Rxc8 25. Bxb7 Rc2 26. a4 Rb2 27. a5 Rxb3 28. a6 Bc5 29.
Kg2 Rb2 30. h3 Bb6 31. Kf1 Nc4 32. Be1 Kf6 33. Rc1 Nd6 34. Rc6 Ke7 35. Rc1 Nb5 36. Be4 Nd6 37. Bd3 e5 38. f3 Nf5 39. Bf2 Ke6 40.
g4 Nd6 41. h4 Ba5 42. hxg5 hxg5 43. Rc6 Bb6 44. Rc1 Kd5 45. Be1 Nb5 46. Bc4+ Kd6 47. Bd3 Nc3 48. Bxc3 dxc3 49. Rxc3 Ra2 50. Rc2 Ra1+ 51.
Kg2 Rg1+ 52. Kh3 Bf2 53. Be4 Rg3+ 54. Kh2 Rg1 55. e3 Bxe3 56. Rb2 Bd4 57. Rc2 Ra1 58. Bb7 e4 59. fxe4 Ke5 60. Kg2 Kf4 61. e5 Kxe5 62. Re2+ Kd6 63. Bc8 Bc5 64. Bf5 Ra4 65. Re6+ Kd5 66. Rg6 Ra2+ 67. Kf3 Ra3+ 68. Kg2 Be3 69.
Be6+ Ke5 70. Bc8 Bf4 71. Kf2 Ra2+ 72. Kf3 Ra3+ 73. Ke2 Be3 74. Kf1 Kf4 75. Kg2 Ra2+ 76. Kf1 Kg3 77. Ke1 Kf3 78. Kd1 Rd2+ 79. Ke1 Rc2 80.
Rf6+ Bf4 81. Bb7+ Kxg4 82. Kd1 Rd2+ 83. Ke1 Rb2 84. Rc6 Be3 85. Rc3 Bb6 0-1

[Event "*** Titled Tuesday Blitz"]
[Site "Chess.com"]
[Date "2020.04.21"]
[Round "4"]
[White "JonahWillow"]
[Black "SahaNeelash"]
[Result "1-0"]
[WhiteElo "2759"]
[BlackElo "2530"]
[TimeControl "180+1"]
[EndTime "10:42:33 PDT"]
[Termination "JonahWillow won on time"]

1. e4 c6 2. d4 d5 3. Nc3 dxe4 4. Nxe4 Nf6 5. Nxf6+ exf6 6. c3 Bd6 7. Bd3 O-O 8.
Qc2 h6 9. Ne2 Qc7 10. Be3 Re8 11. O-O-O Nd7 12. c4 c5 13. Kb1 a6 14. Rhe1 Nf8 15.
Nc3 Be6 16. Ne4 cxd4 17. Bxd4 Be5 18. Bxe5 fxe5 19. c5 Red8 20. Nd6 Nd7 21. b4 a5 22.
Bh7+ Kf8 23. Bf5 axb4 24. Bxe6 Nxc5 25. Bxf7 Rxd6 26. Rxd6 Qxd6 27. Bc4 Na4 28. Qf5+ Qf6 29. Rxe5 Nc3+ 30. Kb2 Re8 31. Qxf6+ gxf6 32. Rf5 Kg7 33. Rf3 Re4 34. Rg3+ Kf8 35. Kb3 b5 36. Bd3 Rd4 37. a3 Nd5 38. axb4 Rxb4+ 39. Kc2 Kf7 40. Rh3 Kg7 41.
Rg3+ Kf7 42. Rh3 Nf4 43. Rxh6 Nxg2 44. Rh7+ Ke6 45. Rb7 Rd4 46. Bxb5 Ne1+ 47. Kc3 Rd6 48. Bc4+ Kf5 49. Rb5+ Kf4 50. Rb4 Kg5 51. Rb5+ f5 52.
Rb1 Nf3 53. Rh1 Rh6 54. h3 Kf4 55. Bd5 Ng5 56. h4 Nf3 57. h5 Ne5 58. Ra1 Rxh5 59. Ra4+ Kg5 60. f4+ Kf6 61. Ra6+ Ke7 62. fxe5 f4 63.
Kc4 Rxe5 64. Kd4 Re3 65. Ra7+ Kf6 66. Ra6+ Kg5 67. Ra8 Kf5 68. Rf8+ Kg5 69. Be4 Kg4 70. Ke5 f3 71. Kd4 Re1 72. Bxf3+ Kg3 73. Be4 Rd1+ 74. Ke3 Re1+ 75. Kd3 Rg1 76. Rg8+ Kf2 77. Rf8+ Ke1 78. Bf3 Kf2 79. Ke4 Re1+ 80. Kf4 Ra1 81. Be4 Ra4 82. Rg8 Ke2 83. Rg2+ Kf1 84. Rh2 Ra3 85. Bf3 Ke1 86. Rb2 Kf1 87. Kg3 Ke1 88. Kf4 Ra4+ 89. Be4 Ra3 90. Rb8 Rc3 91. Rd8 Ra3 92. Bf3 Ra2 93.
Kg3 Rd2 94. Re8+ Kf1 95. Ra8 1-0

[Event "*** Titled Tuesday Blitz"]
[Site "Chess.com"]
[Date "2020.04.21"]
[Round "4"]
[White "Problematique_99"]
[Black "jacky72"]
[Result "1/2-1/2"]
[WhiteElo "2522"]
[BlackElo "2704"]
[TimeControl "180+1"]
[EndTime "10:42:40 PDT"]
[Termination "Game drawn by repetition"]

1. e4 e5 2. Nc3 Nc6 3. g3 g6 4. Bg2 Bg7 5. Nge2 d6 6. O-O f5 7.
d3 Nf6 8. f4 O-O 9. h3 fxe4 10.
dxe4 exf4 11. gxf4 Kh8 12. Be3 Bd7 13. Qd2 Qe7 14.
Rae1 Rae8 15. Ng3 a6 16. Nd5 Nxd5 17. exd5 Nd8 18. Bd4 Bxd4+ 19. Qxd4+ Qg7 20. Qxg7+ Kxg7 21. Rxe8 Rxe8 22. Kf2 Nf7 23. Re1 Rxe1 24. Kxe1 Nh6 25.
Kd2 Kf6 26. Ke3 Bf5 27. c3 a5 28. b4 b6 29. a3 Bc2 30. Be4 Bb3 31. Kd4 Nf7 32. c4 h5 33. h4 Nh6 34. f5 gxf5 35.
Nxh5+ Kf7 36. Bf3 Bc2 37. Nf4 Kf6 38. c5 dxc5+ 39. bxc5 b5 40. c6 Ke7 41. Kc5 b4 42. axb4 a4 43. Kc4 Kd6 44. Kc3 Bb3 45. b5 Nf7 46.
Kb4 Ne5 47. Bg2 Ng4 48. h5 Bc2 49. Bh3 Nh6 50. Kc3 Bd1 51. Kb4 Bc2 52. Ne6 Be4 53. b6 cxb6 54. c7 Kd7 55. d6 Bb7 56. Nd8 Bc8 57.
Nf7 Nxf7 58. Bxf5+ Kxd6 59. Bxc8 Kxc7 60. Be6 Nh6 61.
Kxa4 Kd6 62. Bb3 Kc5 63. Bd1 b5+ 64. Kb3 b4 65. Kb2 Nf5 66. Bc2 Nh6 67. Bg6 Kc4 68. Bc2 Ng4 69. Bf5 Nh6 70. Be6+ Kd4 71. Kb3 Kc5 72. Bc4 Nf5 73. Bf7 Kb5 74. Bg6 Nh6 75. Be8+ Kc5 76. Bg6 Ng4 77. Be8 Nf6 78. Bg6 Ng8 79.
Bf7 Nh6 80. Be6 Kb5 81. Kb2 Ka4 82. Bb3+ Ka5 83. Be6 Kb5 84. Kb3 Kc5 85. Kb2 Kd6 86. Bc4 Ng4 87. Kb3 Kc5 88. Be2 Nh6 89.
Bf3 Nf5 90. Bd1 Nd4+ 91. Kb2 Nf5 92. Bc2 Nh6 93. Bg6 Kd4 94. Kb3 Kc5 95. Kb2 1/2-1/2

[Event "*** Titled Tuesday Blitz"]
[Site "Chess.com"]
[Date "2020.04.21"]
[Round "4"]
[White "Xeniya2005"]
[Black "Fh2411"]
[Result "0-1"]
[WhiteElo "2247"]
[BlackElo "2448"]
[TimeControl "180+1"]
[EndTime "10:42:42 PDT"]
[Termination "Fh2411 won by checkmate"]

1. e4 c5 2. Nf3 e6 3. d4 cxd4 4.
Nxd4 a6 5. Nc3 Qc7 6. Bd3 b5 7.
a3 Bb7 8. O-O Nf6 9. Re1 Bd6 10.
h3 O-O 11. Bg5 Be5 12. Nde2 h6 13. Bh4 d5 14. exd5 Nxd5 15. Nxd5 Bxd5 16. Bg3 Nd7 17. Bxe5 Nxe5 18. Nc3 Rfd8 19. Re3 Bc4 20. Qe2 Bxd3 21. cxd3 Ng6 22. g3 Rd4 23. Re1 Rad8 24. h4 Ne7 25.
Rf3 Qd7 26. Ne4 Qd5 27. Nc3 Qc6 28. Rc1 Nd5 29. Rc2 Nxc3 30. bxc3 R4d5 31. d4 Qd6 32. Re3 Qxa3 33. c4 Qa1+ 34. Kg2 bxc4 35. Rxc4 Rxd4 36. Rxd4 Qxd4 37. Qxa6 Qd5+ 38. Kg1 Ra8 39.
Qf1 h5 40. Kh2 g6 41. Qg2 Qa2 42. Re2 Qa4 43. Re4 Qa6 44. Rf4 Rd8 45. Qf3 Rd7 46.
Re4 Qd6 47. Re2 Qd5 48. Qxd5 Rxd5 49. Re3 Kg7 50. Kg2 Kf6 51. Kf3 e5 52. Re2 Kf5 53. Kg2 Rd3 54. Rb2 f6 55. Rb4 Rd4 56. Rb5 Rd2 57.
Rb4 Ra2 58. Kf3 Ra3+ 59. Kg2 e4 60. Rb5+ Ke6 61. Rb6+ Ke5 62. Rb5+ Kd4 63. Rb6 Rf3 64. Rd6+ Ke5 65. Rb6 Rd3 66. Rb5+ Rd5 67. Rb6 Rd2 68. Rb5+ Kd4 69. Rb3 f5 70. Rb4+ Kc3 71. Rb6 e3 72. Rxg6 Rxf2+ 73. Kg1 Rf3 74. Kg2 Rf2+ 75. Kg1 Kd3 76.
Re6 Ke2 77. Re5 Rf3 78. Kg2 Rf2+ 79. Kg1 Kf3 80. Rd5 Kxg3 81. Re5 f4 82. Rg5+ Kf3 83. Rxh5 e2 84. Re5 Rf1+ 85. Kh2 e1=Q 86. Rxe1 Rxe1 87. h5 Re5 88. h6 Rh5+ 89. Kg1 Rxh6 90. Kf1 Rh1# 0-1

[Event "*** Titled Tuesday Blitz"]
[Site "Chess.com"]
[Date "2020.04.21"]
[Round "4"]
[White "Schachmalanders"]
[Black "Pavalamalli"]
[Result "1/2-1/2"]
[WhiteElo "2326"]
[BlackElo "2114"]
[TimeControl "180+1"]
[EndTime "10:42:48 PDT"]
[Termination "Game drawn - insufficient material"]

1. e4 c5 2. Nc3 e6 3. g3 d5 4.
exd5 exd5 5. Bg2 d4 6. Nd5 Nf6 7. Nxf6+ Qxf6 8. d3 Be7 9. Ne2 O-O 10. O-O Nc6 11.
Nf4 Be6 12. Re1 Bd6 13. Bd2 Rae8 14. a4 Re7 15. a5 a6 16. h3 Rfe8 17. Nxe6 Rxe6 18.
Qh5 g6 19. Qd5 Re2 20. Qf3 Qxf3 21. Bxf3 Rxe1+ 22. Rxe1 Rxe1+ 23. Bxe1 Bc7 24. Bxc6 bxc6 25. Kg2 f5 26. g4 fxg4 27. hxg4 h5 28. gxh5 gxh5 29.
f3 Kf7 30. Kh3 Kg6 31. Kh4 Bd8+ 32. Kh3 Kf5 33. Bd2 Bg5 34. Be1 Bc1 35. Kh4 Kg6 36. b3 Bb2 37. Bg3 Bc3 38. Bd6 Be1+ 39. Kh3 Bb4 40. Kh4 Be1+ 41. Kh3 Bxa5 42. Bxc5 Bc3 43. Kh4 Be1+ 44. Kh3 Bf2 45. c3 Kf5 46. cxd4 Kf4 47. Kg2 Be3 48. Bd6+ Kf5 49. Be5 h4 50. Kh3 Bf2 51. Bc7 Be1 52. Bd8 Bc3 53. Kxh4 Bxd4 54.
Kg3 Be5+ 55. Kf2 Bd4+ 56. Ke2 Bc5 57. Bh4 Bd4 58. Bf2 Bb2 59. Bc5 Bc1 60. Kd1 Bf4 61. Ke2 Bc1 62. Be3 Bb2 63. Kd2 Be5 64. Kc2 Bf6 65. Kb1 Be5 66. Ka2 Bd6 67. Kb2 Bb4 68. Kc2 Ba5 69. Bd2 Bb6 70. Kb2 Bc5 71. b4 Bd6 72.
Kb3 Ke5 73. Bc3+ Kf4 74. Ka4 Bc7 75. Kb3 Kxf3 76. Kc4 Ke2 77. Bf6 Bb6 78. Bg5 Bc7 79.
d4 Bb6 80. Bf6 Kf3 81. Be5 Ke4 82. Bd6 Bxd4 83. Bc5 Be5 84. Bb6 Bg7 85. Kc5 Bc3 86. Kxc6 Bxb4 87. Kb7 a5 88. Bxa5 1/2-1/2

[Event "*** Titled Tuesday Blitz"]
[Site "Chess.com"]
[Date "2020.04.21"]
[Round "4"]
[White "vpsetter"]
[Black "Sunnika"]
[Result "1/2-1/2"]
[WhiteElo "2594"]
[BlackElo "2364"]
[TimeControl "180+1"]
[EndTime "10:42:59 PDT"]
[Termination "Game drawn - insufficient material"]

1. e4 Nf6 2. e5 Nd5 3. d4 d6 4.
Nf3 dxe5 5. Nxe5 c6 6. c4 Nb4 7. Nd3 Nxd3+ 8. Qxd3 Bg4 9. Nc3 e6 10. d5 Bc5 11. Ne4 Bb4+ 12. Bd2 Bxd2+ 13. Qxd2 cxd5 14.
cxd5 exd5 15. Bb5+ Nc6 16. Nc5 O-O 17. Bxc6 bxc6 18.
O-O Rb8 19. Qd4 Bf5 20. Rac1 Qf6 21. Qxf6 gxf6 22. b3 Rfe8 23. Rfe1 Kf8 24. f3 Rxe1+ 25. Rxe1 Rb4 26. Rc1 Ke7 27. g4 Bg6 28. Kf2 Kd6 29.
Ke3 f5 30. Nd3 Rb8 31. g5 Re8+ 32. Kd2 h6 33. h4 hxg5 34. hxg5 Rh8 35. f4 Rh2+ 36.
Kc3 Rxa2 37. Kd4 Re2 38. Ra1 Re4+ 39. Kc3 d4+ 40. Kd2 Bh5 41. Rxa7 Re2+ 42. Kc1 Kd5 43. Rd7+ Ke4 44. Nc5+ Ke3 45. Re7+ Kxf4 46. Nd3+ Kxg5 47. Rc7 Bf3 48. Rxf7 Be4 49. Rg7+ Kf6 50. Rg3 Re3 51. Rxe3 dxe3 52. Nc5 Ke5 53. Kd1 f4 54.
Ke2 Kd4 55. Ne6+ Ke5 56. Nc5 Bc2 57. b4 Bf5 58. Kf3 Kd4 59. Nb3+ Kc3 60. Na5 Kxb4 61. Nxc6+ Kc5 62. Ne5 Kd4 63. Nf7 Kd3 64. Ne5+ Kd2 65.
Nc4+ Kd3 66. Ne5+ Kd4 67. Nc6+ Kc5 68. Ne5 Kd5 69. Kxf4 e2 70. Nf3 Be4 71. Ne1 Kd4 72.
Kg4 Ke3 73. Kg3 Bd5 74. Nc2+ Kd2 75. Kf2 Bc4 76. Ne1 Bd5 77. Nc2 Be4 78. Ne1 Kd1 79. Nc2 Kxc2 80. Ke3 Kc3 81. Kxe2 1/2-1/2

[Event "*** Titled Tuesday Blitz"]
[Site "Chess.com"]
[Date "2020.04.21"]
[Round "4"]
[White "IMTominho"]
[Black "GOGIEFF"]
[Result "1/2-1/2"]
[WhiteElo "2774"]
[BlackElo "2957"]
[TimeControl "180+1"]
[EndTime "10:44:33 PDT"]
[Termination "Game drawn - insufficient material"]

1. d4 d5 2. c4 c6 3. Nf3 Nf6 4. Nc3 e6 5. Bg5 h6 6. Bxf6 Qxf6 7. Qc2 Bb4 8. e3 O-O 9. Rc1 Nd7 10. Be2 b6 11. O-O Bb7 12. a3 Be7 13. Rfd1 Rfd8 14. b4 dxc4 15. Bxc4 c5 16. d5 cxb4 17. axb4 Rac8 18.
Qb3 Nf8 19. h3 b5 20. Nxb5 exd5 21. Be2 Qb6 22. Ra1 a6 23. Nbd4 Bxb4 24. Nc2 a5 25.
Nxb4 axb4 26. Rd4 Bc6 27. Rxb4 Qc7 28. Rc1 Qe7 29. Qb2 Ne6 30. Rd1 Be8 31. Nd4 Qf6 32. Nf3 Qxb2 33. Rxb2 Ba4 34. Ra1 Bc2 35. Rc1 Be4 36.
Rd1 Bxf3 37. Bxf3 d4 38. Rd3 dxe3 39. Rxe3 Nd4 40. Be4 Re8 41. Rd2 Ne6 42. Bf5 Rcd8 43. Rxd8 Rxd8 44. Bxe6 fxe6 45. Rxe6 Kf7 46. Ra6 Rd1+ 47.
Kh2 Rd2 48. Kg3 Rd3+ 49. Kg4 g6 50. Rb6 Ra3 51. Rb2 Kg7 52. Re2 Kf6 53. Re3 Ra2 54.
Kf3 h5 55. Rd3 Ra4 56. Re3 Rb4 57. Rc3 Kg7 58. Ra3 Kf6 59. Ra6+ Kg7 60. Re6 Ra4 61. Re4 Ra3+ 62. Kf4 Ra2 63. Kg3 Ra3+ 64. Re3 Ra4 65. Rf3 Rb4 66. Rf4 Rb3+ 67. Rf3 Rb4 68. Rd3 Ra4 69. Kf3 Rb4 70. g3 Ra4 71. Re3 Kf6 72.
Re4 Ra3+ 73. Kg2 Ra2 74. Rf4+ Kg7 75. Kf3 Ra3+ 76. Ke2 Ra2+ 77. Kf1 Ra1+ 78. Kg2 Ra2 79. Rf3 Ra4 80. Re3 Ra2 81. Kf3 Kf6 82. g4 hxg4+ 83.
hxg4 g5 84. Rd3 Ra4 85. Kg3 Rb4 86. Rd2 Kg6 87. Rd6+ Kf7 88. Kf3 Rf4+ 89. Kg3 Ra4 90. Rd5 Kf6 91. Rf5+ Kg6 92. Kh3 Ra3+ 93. f3 Ra4 94. Kg3 Rb4 95. Rd5 Kf6 96. Rd6+ Kf7 97. Rd2 Rb7 98. Kf2 Ke6 99. Ke3 Re7 100. Ra2 Kf6+ 101. Kf2 Re6 102. Ra5 Kg6 103. Rf5 Ra6 104. Rd5 Rb6 105. Ke3 Kf6 106. Ke4 Re6+ 107. Kd4 Ra6 108. Ke4 Re6+ 109. Kd3 Ra6 110. Ke3 Rb6 111. Ra5 Re6+ 112. Kd4 Rd6+ 113. Rd5 Ra6 114. Rc5 Rd6+ 115. Kc4 Ra6 116. Rf5+ Kg6 117. Kb5 Ra3 118. Kb4 Re3 119. Kc4 Re1 120. Kd4 Rd1+ 121. Ke3 Re1+ 122. Kf2 Re6 123. Rd5 Ra6 124. Rd4 Kf6 125. Ke3 Ke5 126. Re4+ Kf6 127. Rd4 Ra3+ 128. Rd3 Ra6 129. Rb3 Re6+ 130. Kd4 Ra6 131. Rb4 Rd6+ 132. Ke4 Re6+ 133. Kd3 Rd6+ 134. Rd4 Ra6 135. Ke2 Ra2+ 136. Ke3 Ra6 137. Ke4 Re6+ 138. Kd5 Re5+ 139. Kc6 Re3 140. Rd6+ Kf7 141. Rd5 Rxf3 142. Rxg5 Kf6 143. Rf5+ Rxf5 144. gxf5 Kg5 145. f6 Kxf6 1/2-1/2

[Event "*** Titled Tuesday Blitz"]
[Site "Chess.com"]
[Date "2020.04.21"]
[Round "5"]
[White "arjwezhrtdrz"]
[Black "smshk35"]
[Result "0-1"]
[WhiteElo "2151"]
[BlackElo "2345"]
[TimeControl "180+1"]
[EndTime "10:51:51 PDT"]
[Termination "smshk35 won by resignation"]

1. e4 c5 2. c3 Nf6 3. e5 Nd5 4.
Nf3 e6 5. d4 cxd4 6. cxd4 b6 7.
Bc4 Ba6 8. Bxa6 Nxa6 9. O-O Be7 10. Qe2 Nac7 11. Nc3 O-O 12. Bd2 Rc8 13. Rac1 f5 14.
Nxd5 Nxd5 15. Rxc8 Qxc8 16. Rc1 Qb7 17. h3 Rc8 18. Rc4 Qa6 19. Rxc8+ Qxc8 20. Bg5 Bxg5 21. Nxg5 Qc1+ 0-1

[Event "*** Titled Tuesday Blitz"]
[Site "Chess.com"]
[Date "2020.04.21"]
[Round "5"]
[White "dpruess"]
[Black "abhidabhi"]
[Result "0-1"]
[WhiteElo "2457"]
[BlackElo "2806"]
[TimeControl "180+1"]
[EndTime "10:52:25 PDT"]
[Termination "abhidabhi won by checkmate"]

1. e4 e5 2. f4 d5 3. exd5 e4 4. d3 Nf6 5. dxe4 Nxe4 6. Bd3 Qh4+ 7. g3 Nxg3 8. Nf3 Qe7+ 9. Kf2 Nxh1+ 10. Qxh1 Bg4 11. Ne5 Qh4+ 12. Kf1 Bc5 13. Nxg4 Qxg4 14. Qe4+ Kd8 15. Qg2 Qd1# 0-1

[Event "*** Titled Tuesday Blitz"]
[Site "Chess.com"]
[Date "2020.04.21"]
[Round "5"]
[White "drd_davi"]
[Black "davigator"]
[Result "0-1"]
[WhiteElo "2406"]
[BlackElo "2398"]
[TimeControl "180+1"]
[EndTime "10:52:44 PDT"]
[Termination "davigator won by resignation"]

1. e4 c5 2. Nf3 Nc6 3. Bb5 g6 4. Bxc6 bxc6 5. O-O Bg7 6. Re1 Nf6 7. Nc3 O-O 8. e5 Nd5 9. Nxd5 cxd5 10. d4 c4 11. b3 cxb3 12. axb3 d6 13. h3 Bf5 14. exd6 exd6 15. Bf4 Qc7 16. Ra2 a5 17. Qd2 Rfc8 18. Rxa5 Qxa5 0-1

[Event "*** Titled Tuesday Blitz"]
[Site "Chess.com"]
[Date "2020.04.21"]
[Round "5"]
[White "josephymwale33"]
[Black "warmoatmeal"]
[Result "1-0"]
[WhiteElo "2295"]
[BlackElo "1981"]
[TimeControl "180+1"]
[EndTime "10:52:54 PDT"]
[Termination "josephymwale33 won by resignation"]

1. e4 e6 2. d4 d5 3. Nd2 Nf6 4. e5 Nfd7 5. Bd3 c5 6. c3 Nc6 7.
Ne2 Be7 8. f4 b6 9. Nf3 Bb7 10.
O-O Qc7 11. f5 O-O-O 12. a4 a5 13. Nf4 exf5 14. Bxf5 g6 15. Bh3 Nb8 16. e6 Nf6 17. exf7+ Nbd7 18. Ne6 Qd6 19. Bf4 1-0

[Event "*** Titled Tuesday Blitz"]
[Site "Chess.com"]
[Date "2020.04.21"]
[Round "5"]
[White "FMJoseHerrera"]
[Black "Igrok3069"]
[Result "0-1"]
[WhiteElo "2611"]
[BlackElo "2783"]
[TimeControl "180+1"]
[EndTime "10:52:55 PDT"]
[Termination "Igrok3069 won by resignation"]

1. Nf3 d5 2. g3 c6 3. Bg2 Bg4 4. d3 e6 5. O-O Bd6 6. c3 Nd7 7. Qb3 Qc7 8. c4 Ngf6 9. cxd5 exd5 10. Nc3 O-O 11. Bg5 h6 12. Bd2 Rae8 13. Rac1 Qb6 14. Be3 Qxb3 15. axb3 Bc5 16. Nxd5 Nxd5 17. Bxc5 Nxc5 18.
Rxc5 Rxe2 19. Ne5 Rxe5 0-1

[Event "*** Titled Tuesday Blitz"]
[Site "Chess.com"]
[Date "2020.04.21"]
[Round "5"]
[White "AlexOstrovskiy"]
[Black "starworld123"]
[Result "1-0"]
[WhiteElo "2497"]
[BlackElo "2627"]
[TimeControl "180+1"]
[EndTime "10:52:55 PDT"]
[Termination "AlexOstrovskiy won by resignation"]

1. d4 Nf6 2. Bg5 Ne4 3. h4 c5 4. d5 Qb6 5. Nd2 Nxd2 6. Bxd2 e6 7. e4 Be7 8. Bc3 Bf6 9. e5 Be7 10. d6 Bd8 11. Nf3 Nc6 12. h5 h6 13. Bd3 Nb4 14. Be4 Qa6 15. a3 Nc6 16. Rh3 Ba5 17. b4 cxb4 18.
axb4 Qc4 19. Nd2 1-0

[Event "*** Titled Tuesday Blitz"]
[Site "Chess.com"]
[Date "2020.04.21"]
[Round "5"]
[White "elisak43"]
[Black "nfds"]
[Result "1/2-1/2"]
[WhiteElo "2394"]
[BlackElo "2537"]
[TimeControl "180+1"]
[EndTime "10:52:58 PDT"]
[Termination "Game drawn by repetition"]

1. Nf3 Nf6 2. d4 d5 3. c4 dxc4 4. e3 Bf5 5. Bxc4 e6 6. Qb3 Be4 7.
Ne5 Bxg2 8. Bxe6 fxe6 9. Qxe6+ Qe7 10. Qc8+ Qd8 11. Qe6+ Qe7 12. Qc8+ Qd8 13. Qe6+ 1/2-1/2

[Event "*** Titled Tuesday Blitz"]
[Site "Chess.com"]
[Date "2020.04.21"]
[Round "5"]
[White "Parhamov"]
[Black "obliviate12"]
[Result "1-0"]
[WhiteElo "3051"]
[BlackElo "2775"]
[TimeControl "180+1"]
[EndTime "10:52:59 PDT"]
[Termination "Parhamov won by resignation"]

1. e4 c5 2. Nf3 d6 3. d4 cxd4 4. Nxd4 Nf6 5. Nc3 a6 6. Bg5 e6 7.
Qe2 Nbd7 8. O-O-O Qc7 9. f4 b5 10. a3 Bb7 11. g4 Be7 12. Bg2 O-O 13. Bxf6 Nxf6 14. g5 Nd7 15. h4 Rfe8 16. h5 e5 17. Nf5 exf4 18. g6 fxg6 19. hxg6 hxg6 20. Nxe7+ Rxe7 21. Qg4 Ne5 22. Qxf4 Rf8 23. Qh4 Rf6 24. Qh8+ Kf7 25. Rh7 1-0

[Event "*** Titled Tuesday Blitz"]
[Site "Chess.com"]
[Date "2020.04.21"]
[Round "5"]
[White "bupunsu01"]
[Black "harkerchess"]
[Result "1-0"]
[WhiteElo "2292"]
[BlackElo "1958"]
[TimeControl "180+1"]
[EndTime "10:53:01 PDT"]
[Termination "bupunsu01 won by resignation"]

1. d4 d5 2. c4 c6 3. Nd2 Nf6 4.
Ngf3 dxc4 5. Nxc4 Nbd7 6. g3 e6 7. Bg2 Ke7 8. O-O Ke8 9. Qc2 Be7 10. e4 Kf8 11. Bf4 Nh5 12. Be3 g6 13. Rfd1 Kg7 14. e5 f5 15. exf6+ Nhxf6 16. Ng5 Nb6 17. Bh3 Qd5 18.
Ne5 h6 19. Qxg6+ 1-0

[Event "*** Titled Tuesday Blitz"]
[Site "Chess.com"]
[Date "2020.04.21"]
[Round "5"]
[White "Disturbed01"]
[Black "LucaBrasi1968"]
[Result "1-0"]
[WhiteElo "2662"]
[BlackElo "2494"]
[TimeControl "180+1"]
[EndTime "10:53:09 PDT"]
[Termination "Disturbed01 won by resignation"]

1. d4 f5 2. g3 Nf6 3. Bg2 e6 4. Nh3 Be7 5. O-O O-O 6. c4 d6 7.
Nc3 Nc6 8. d5 Ne5 9. Nf4 exd5 10.
cxd5 Bd7 11. Qb3 Rb8 12. Be3 b6 13. Bd4 Kh8 14. Rac1 Qe8 15. a4 Bd8 16. Nb5 Rb7 17.
Ne6 Bxb5 18. axb5 Rf7 19. Bxe5 dxe5 20. Nxd8 Qxd8 21. d6 1-0

[Event "*** Titled Tuesday Blitz"]
[Site "Chess.com"]
[Date "2020.04.21"]
[Round "5"]
[White "mrsavic77"]
[Black "gena217"]
[Result "1/2-1/2"]
[WhiteElo "2752"]
[BlackElo "2902"]
[TimeControl "180+1"]
[EndTime "10:53:11 PDT"]
[Termination "Game drawn by repetition"]

1. e4 c6 2. d4 d5 3. e5 Bf5 4.
Nf3 e6 5. Be2 Ne7 6. O-O c5 7. c4 Nbc6 8. Na3 a6 9. Qa4 b5 10.
cxb5 axb5 11. Qxb5 c4 12. b3 Rb8 13. Qa4 Ra8 14. Qb5 Rb8 15. Qa4 Ra8 16. Qb5 Rb8 1/2-1/2

[Event "*** Titled Tuesday Blitz"]
[Site "Chess.com"]
[Date "2020.04.21"]
[Round "5"]
[White "arminmusovic"]
[Black "semchik73"]
[Result "1-0"]
[WhiteElo "2491"]
[BlackElo "2282"]
[TimeControl "180+1"]
[EndTime "10:53:12 PDT"]
[Termination "arminmusovic won by resignation"]

1. a3 e5 2. Nc3 d5 3. d4 e4 4. Bf4 c6 5. f3 Nf6 6. Qd2 Qb6 7. fxe4 dxe4 8. O-O-O Nd5 9. Nxd5 cxd5 10. e3 Nc6 11.
Ne2 Na5 12. Nc3 Be6 13. Bb5+ Nc6 14. Ba4 O-O-O 15. Nb5 a6 16. Bc7 Qxc7 17. Nxc7 Kxc7 18. Bxc6 bxc6 19. Qa5+ Kb7 20. Qxd8 g6 21. Rhf1 Bg7 22. Rxf7+ Bxf7 23. Qe7+ Kb6 24. Qxf7 Bh6 25. Re1 Rf8 26. Qxh7 Bg5 27. Qxg6 1-0

[Event "*** Titled Tuesday Blitz"]
[Site "Chess.com"]
[Date "2020.04.21"]
[Round "5"]
[White "Chessy222222"]
[Black "Filip_Covic"]
[Result "0-1"]
[WhiteElo "2098"]
[BlackElo "2306"]
[TimeControl "180+1"]
[EndTime "10:53:16 PDT"]
[Termination "Filip_Covic won by resignation"]

1. e4 c5 2. Nf3 Nc6 3. Bb5 g6 4.
O-O Bg7 5. Re1 Nf6 6. e5 Nd5 7. Nc3 Nc7 8. Bxc6 dxc6 9. Ne4 b6 10. Nf6+ Kf8 11. Ne4 h6 12. h3 Kg8 13. d3 Kh7 14. a4 a5 15. Bd2 Re8 16. Qe2 Be6 17. b3 f5 18. Neg5+ hxg5 19. Nxg5+ Kg8 20. Nxe6 Nxe6 21. f4 Kf7 22. g4 Rh8 23. Kg2 Qd5+ 24. Kg3 Nd4 25.
Qf2 Rh7 0-1